| TOP OF THE 1ST |
|
Houston Astros batting - Pitching for Texas Rangers : RHP Pimbly Nimblebottom
|
|
Pitching: RHP Pimbly Nimblebottom
|
|
|
Batting: RHB Jesse Scott
|
0-0: Ball 1-0: Ground out 6-3 (Groundball, 6M, EV 101.2 MPH)
|
|
Batting: LHB Eric Katz
|
0-0: Ball 1-0: Called Strike 1-1: Called Strike 1-2: Foul Ball, location: 2F 1-2: Ball 2-2: SOLO HOME RUN (Flyball, 7D, EV 98.8 MPH), Distance : 378 ft
|
|
Batting: SHB Jason Woods
|
0-0: Called Strike 0-1: Called Strike 0-2: Ball 1-2: Ball 2-2: Ball 3-2: Base on Balls
|
|
Batting: LHB Jack Christie
|
0-0: Ball 1-0: Called Strike 1-1: Swinging Strike 1-2: Ball Pickoff Throw by Catcher to First - Error! E2 Jason Woods to second 2-2: Ball 3-2: Fly out, F9 (Flyball, 9S, EV 80.0 MPH)
|
|
Batting: SHB Joe Gardner
|
0-0: Ball 1-0: Ball 2-0: Ball Wild Pitch! Jason Woods to third 3-0: Base on Balls
|
|
Batting: RHB Jeremy Trump
|
0-0: Ball 1-0: Foul Ball, location: 2F 1-1: SINGLE (Groundball, 25, EV 71.2 MPH) (infield hit) Jason Woods scores Joe Gardner to second
|
|
Batting: SHB Rich Chavez
|
0-0: Called Strike 0-1: Foul Ball, location: 2F 0-2: Foul Ball, location: 2F 0-2: Strikes out swinging
|
| Top of the 1st over - 2 runs, 2 hits, 1 error, 2 left on base; Houston 2 - Texas 0 |
| BOTTOM OF THE 1ST |
|
Texas Rangers batting - Pitching for Houston Astros : RHP Brian Lynch
|
|
Pitching: RHP Brian Lynch
|
|
|
Batting: LHB Sean Geisler
|
0-0: Ball 1-0: Called Strike 1-1: Called Strike 1-2: Strikes out swinging
|
|
Batting: RHB Butch Kaiser
|
0-0: Called Strike 0-1: Fly out, F3 (Line Drive, 34, EV 68.1 MPH)
|
|
Batting: SHB John Giesbrecht
|
0-0: Called Strike 0-1: Ball 1-1: Swinging Strike 1-2: Ball 2-2: Foul Ball, location: 2F 2-2: Strikes out swinging
|
| Bottom of the 1st over - 0 runs, 0 hits, 0 errors, 0 left on base; Houston 2 - Texas 0 |
| TOP OF THE 2ND |
|
Houston Astros batting - Pitching for Texas Rangers : RHP Pimbly Nimblebottom
|
|
Batting: RHB Eric Chotkowski
|
0-0: Ball 1-0: Called Strike 1-1: Called Strike 1-2: Ground out 5-3 (Groundball, 56, EV 84.4 MPH)
|
|
Batting: RHB Mark Marks
|
0-0: Ball 1-0: Ground out 5-3 (Groundball, 56, EV 86.2 MPH)
|
|
Batting: RHB Jesse Scott
|
0-0: Called Strike 0-1: Ground out 6-3 (Groundball, 6, EV 90.0 MPH)
|
| Top of the 2nd over - 0 runs, 0 hits, 0 errors, 0 left on base; Houston 2 - Texas 0 |
| BOTTOM OF THE 2ND |
|
Texas Rangers batting - Pitching for Houston Astros : RHP Brian Lynch
|
|
Batting: SHB Vince Ealy
|
0-0: SINGLE (Line Drive, 89S, EV 108.8 MPH)
|
|
Batting: RHB Ray Llewellyn
|
0-0: Ball 1-0: Ball 2-0: Ball 3-0: Foul Ball, location: 2F 3-1: Called Strike 3-2: DOUBLE (Groundball, 5L, EV 100.6 MPH) Vince Ealy to third
|
|
Batting: RHB Blake Ballard
|
0-0: Called Strike 0-1: Foul Ball, location: 2F 0-2: Strikes out swinging
|
|
Batting: RHB Zhao-ji Chi
|
0-0: Swinging Strike 0-1: Called Strike 0-2: Foul Ball, location: 2F 0-2: Ball 1-2: SINGLE (Line Drive, 6MD, EV 96.9 MPH) Vince Ealy scores Ray Llewellyn to third
|
|
Batting: RHB Chad Thompson
|
0-0: Called Strike 0-1: Ball 1-1: Foul Ball, location: 2F 1-2: Ball 2-2: SINGLE (Groundball, 6MD, EV 95.0 MPH) Ray Llewellyn scores Zhao-ji Chi to second Runner from 2nd tries for 3rd, SAFE, throw by CF made to third
|
|
Batting: RHB Chris Torlak
|
0-0: Called Strike 0-1: Called Strike 0-2: Fly out, F9 (Flyball, 89S, EV 81.2 MPH)
|
|
Batting: LHB Sean Geisler
|
0-0: Ball 1-0: Called Strike Chad Thompson steals 2nd base 1-1: Foul Ball, location: 2F 1-2: Ball 2-2: Fly out, F8 (Flyball, 8RXD, EV 101.9 MPH)
|
| Bottom of the 2nd over - 2 runs, 4 hits, 0 errors, 2 left on base; Houston 2 - Texas 2 |
| TOP OF THE 3RD |
|
Houston Astros batting - Pitching for Texas Rangers : RHP Pimbly Nimblebottom
|
|
Batting: LHB Eric Katz
|
0-0: Foul Ball, location: 2F 0-1: Swinging Strike 0-2: Foul Ball, location: 2F 0-2: Foul Ball, location: 2F 0-2: Ball 1-2: SINGLE (Groundball, 6MD, EV 95.6 MPH)
|
|
Batting: SHB Jason Woods
|
0-0: Ball 1-0: Fly out, F8 (Line Drive, 8RD, EV 105.6 MPH)
|
|
Batting: LHB Jack Christie
|
0-0: Ball 1-0: Ball 2-0: Ball Wild Pitch! Eric Katz to second 3-0: Called Strike 3-1: Base on Balls
|
|
Batting: SHB Joe Gardner
|
0-0: Ball 1-0: Called Strike 1-1: DOUBLE (Flyball, 89D, EV 104.4 MPH) Eric Katz scores Jack Christie to third Runner from 3rd tries for Home, SAFE, throw by RF to trailing runner, SAFE at third!
|
|
Batting: RHB Jeremy Trump
|
0-0: Ball 1-0: Ground out 4-3 (Groundball, 4, EV 101.2 MPH) Joe Gardner scores
|
|
Batting: SHB Rich Chavez
|
0-0: Ball 1-0: Foul Ball, location: 2F 1-1: Ball 2-1: Called Strike 2-2: DOUBLE (Line Drive, 7LM, EV 102.5 MPH)
|
|
Pitching: RHP Larry Legros
|
|
|
Batting: RHB Eric Chotkowski
|
0-0: Ball 1-0: Ground out 6-3 (Groundball, 6M, EV 85.0 MPH)
|
| Top of the 3rd over - 3 runs, 3 hits, 0 errors, 1 left on base; Houston 5 - Texas 2 |
| BOTTOM OF THE 3RD |
|
Texas Rangers batting - Pitching for Houston Astros : RHP Brian Lynch
|
|
Batting: RHB Butch Kaiser
|
0-0: Ball 1-0: Ball 2-0: Ball 3-0: Base on Balls
|
|
Batting: SHB John Giesbrecht
|
0-0: Fielders Choice at 2nd, 2-4 (Groundball, 15S, EV 65.6 MPH)
|
|
Now at 1B: Chris Lane
|
|
|
Now at 2B: Rich Chavez
|
|
|
Batting: SHB Vince Ealy
|
0-0: Called Strike 0-1: Called Strike 0-2: Foul Ball, location: 2F 0-2: Ball 1-2: Fielders Choice at 2nd, 4-6 (Groundball, 4S, EV 88.1 MPH)
|
|
Batting: RHB Ray Llewellyn
|
0-0: Ball 1-0: Called Strike Vince Ealy steals 2nd, throwing error, E2 Vince Ealy to third 1-1: Called Strike 1-2: DOUBLE (Line Drive, 78D, EV 107.5 MPH) Vince Ealy scores
|
|
Batting: RHB Blake Ballard
|
0-0: Foul Ball, location: 2F 0-1: Called Strike 0-2: Ground out 1-3 (Groundball, 15S, EV 71.2 MPH)
|
| Bottom of the 3rd over - 1 run, 1 hit, 1 error, 1 left on base; Houston 5 - Texas 3 |
| TOP OF THE 4TH |
|
Houston Astros batting - Pitching for Texas Rangers : RHP Larry Legros
|
|
Batting: RHB Mark Marks
|
0-0: Ball 1-0: Swinging Strike 1-1: Foul Ball, location: 2F 1-2: Strikes out swinging
|
|
Batting: RHB Jesse Scott
|
0-0: Ball 1-0: Called Strike 1-1: Ball 2-1: Ball 3-1: Ground out 6-3 (Groundball, 4MS, EV 88.8 MPH)
|
|
Batting: LHB Eric Katz
|
0-0: Called Strike 0-1: Called Strike 0-2: Strikes out swinging
|
| Top of the 4th over - 0 runs, 0 hits, 0 errors, 0 left on base; Houston 5 - Texas 3 |
| BOTTOM OF THE 4TH |
|
Texas Rangers batting - Pitching for Houston Astros : RHP Brian Lynch
|
|
Batting: RHB Zhao-ji Chi
|
0-0: Ball 1-0: Ball 2-0: Fly out, F9 (Line Drive, 9S, EV 100.0 MPH)
|
|
Batting: RHB Chad Thompson
|
0-0: Ball 1-0: Ball 2-0: Ground out 1-3 (Groundball, 25, EV 70.0 MPH)
|
|
Batting: RHB Chris Torlak
|
0-0: SINGLE (Line Drive, 34, EV 105.0 MPH)
|
|
Batting: LHB Sean Geisler
|
0-0: Ball 1-0: Ball 2-0: Ball Chris Torlak steals 2nd base 3-0: Called Strike 3-1: Base on Balls
|
|
Batting: RHB Butch Kaiser
|
0-0: Fly out, F8 (Flyball, 89M, EV 86.2 MPH)
|
| Bottom of the 4th over - 0 runs, 1 hit, 0 errors, 2 left on base; Houston 5 - Texas 3 |
| TOP OF THE 5TH |
|
Houston Astros batting - Pitching for Texas Rangers : RHP Larry Legros
|
|
Batting: SHB Jason Woods
|
0-0: Ball 1-0: Called Strike 1-1: Hit by Pitch
|
|
Batting: LHB Jack Christie
|
0-0: Called Strike 0-1: Foul Ball, location: 2F 0-2: Strikes out swinging
|
|
Batting: SHB Joe Gardner
|
0-0: Ball 1-0: Ball 2-0: SINGLE (Line Drive, 7LS, EV 95.0 MPH) Jason Woods to second Throwing error, E7 Jason Woods scores Joe Gardner to second
|
|
Batting: RHB Chris Lane
|
0-0: Called Strike 0-1: Foul Ball, location: 2F 0-2: Fly out, F8 (Flyball, 8LD, EV 96.9 MPH)
|
|
Batting: SHB Rich Chavez
|
0-0: Ball 1-0: Called Strike 1-1: Foul Ball, location: 2F 1-2: Strikes out swinging
|
| Top of the 5th over - 1 run, 1 hit, 1 error, 1 left on base; Houston 6 - Texas 3 |
| BOTTOM OF THE 5TH |
|
Texas Rangers batting - Pitching for Houston Astros : RHP Brian Lynch
|
|
Batting: SHB John Giesbrecht
|
0-0: Ball 1-0: Called Strike 1-1: Ground out 4-3 (Groundball, 4, EV 87.5 MPH)
|
|
Batting: SHB Vince Ealy
|
0-0: Ball 1-0: Called Strike 1-1: Fly out, F7 (Line Drive, 7LS, EV 94.4 MPH)
|
|
Batting: RHB Ray Llewellyn
|
0-0: Ball 1-0: Called Strike 1-1: Swinging Strike 1-2: SOLO HOME RUN (Flyball, 7D, EV 97.5 MPH), Distance : 379 ft
|
|
Batting: RHB Blake Ballard
|
0-0: SOLO HOME RUN (Flyball, 7D, EV 95.0 MPH), Distance : 366 ft
|
|
Pitching: RHP Mike Hurst
|
|
|
Batting: RHB Zhao-ji Chi
|
0-0: Foul Ball, location: 2F 0-1: Ball 1-1: Ball 2-1: Called Strike 2-2: Ball 3-2: Strikes out swinging, 2-3 out at first.
|
| Bottom of the 5th over - 2 runs, 2 hits, 0 errors, 0 left on base; Houston 6 - Texas 5 |
| TOP OF THE 6TH |
|
Houston Astros batting - Pitching for Texas Rangers : RHP Larry Legros
|
|
Batting: RHB Eric Chotkowski
|
0-0: Called Strike 0-1: Ground out 4-3 (Groundball, 4M, EV 106.2 MPH)
|
|
Batting: RHB Mark Marks
|
0-0: Ball 1-0: Fly out, F8 (Flyball, 8LM, EV 88.8 MPH)
|
|
Batting: RHB Jesse Scott
|
0-0: Called Strike 0-1: Foul Ball, location: 2F 0-2: Ball 1-2: Foul Ball, location: 2F 1-2: Ball 2-2: Foul Ball, location: 2F 2-2: DOUBLE (Line Drive, 7LM, EV 91.9 MPH)
|
|
Batting: LHB Eric Katz
|
0-0: Ball 1-0: Ball 2-0: Fly out, F7 (Flyball, 78D, EV 86.9 MPH)
|
| Top of the 6th over - 0 runs, 1 hit, 0 errors, 1 left on base; Houston 6 - Texas 5 |
| BOTTOM OF THE 6TH |
|
Texas Rangers batting - Pitching for Houston Astros : RHP Mike Hurst
|
|
Batting: RHB Chad Thompson
|
0-0: SINGLE (Line Drive, 9S, EV 91.2 MPH)
|
|
Pinch Hitting: SHB Addick de Vries
|
0-0: Ball Chad Thompson steals 2nd, throwing error, E2 Chad Thompson to third 1-0: Foul Ball, location: 2F 1-1: Ball 2-1: Foul Ball, location: 2F 2-2: SINGLE (Groundball, 3, EV 83.8 MPH) (infield hit) Chad Thompson scores
|
|
Batting: LHB Sean Geisler
|
0-0: Swinging Strike 0-1: Foul Ball, location: 2F 0-2: Strikes out swinging
|
|
Batting: RHB Butch Kaiser
|
0-0: Called Strike 0-1: Ball 1-1: Ball 2-1: Called Strike 2-2: Ball 3-2: Base on Balls Addick de Vries to second
|
|
Batting: SHB John Giesbrecht
|
0-0: Foul Ball, location: 2F 0-1: Ball 1-1: Swinging Strike 1-2: Foul Ball, location: 2F 1-2: DOUBLE (Flyball, 8LXD, EV 96.9 MPH) Addick de Vries scores Butch Kaiser to third
|
|
Pitching: RHP Bill Dillard
|
|
|
Batting: SHB Vince Ealy
|
0-0: SINGLE (Groundball, 3S, EV 66.2 MPH) (infield hit) Butch Kaiser scores John Giesbrecht to third
|
|
Batting: RHB Ray Llewellyn
|
0-0: Called Strike 0-1: Fly out, F3 (Popup, 23, EV 83.8 MPH)
|
|
Batting: RHB Blake Ballard
|
0-0: Ball 1-0: Called Strike 1-1: Swinging Strike 1-2: Fielders Choice at 2nd, 5-4 (Groundball, 56, EV 83.1 MPH)
|
| Bottom of the 6th over - 3 runs, 4 hits, 1 error, 2 left on base; Houston 6 - Texas 8 |
| TOP OF THE 7TH |
|
Houston Astros batting - Pitching for Texas Rangers : RHP Larry Legros
|
|
Pitching: RHP Kyle Curve
|
|
|
Now at 3B: Vince Ealy
|
|
|
Now at SS: Addick de Vries
|
|
|
Batting: SHB Jason Woods
|
0-0: Called Strike 0-1: Ball 1-1: Foul Ball, location: 2F 1-2: Strikes out looking
|
|
Batting: LHB Jack Christie
|
0-0: Ball 1-0: Foul Ball, location: 2F 1-1: Foul Ball, location: 2F 1-2: Strikes out swinging
|
|
Batting: SHB Joe Gardner
|
0-0: Ground out 4-3 (Groundball, 4S, EV 86.9 MPH)
|
| Top of the 7th over - 0 runs, 0 hits, 0 errors, 0 left on base; Houston 6 - Texas 8 |
| BOTTOM OF THE 7TH |
|
Texas Rangers batting - Pitching for Houston Astros : RHP Bill Dillard
|
|
Batting: RHB Zhao-ji Chi
|
0-0: Foul Ball, location: 2F 0-1: Swinging Strike 0-2: Strikes out swinging
|
|
Batting: RHB Chad Thompson
|
0-0: Foul Ball, location: 2F 0-1: Ball 1-1: Fly out, F8 (Line Drive, 8LD, EV 90.0 MPH)
|
|
Batting: SHB Addick de Vries
|
0-0: Ball 1-0: Foul Ball, location: 2F 1-1: DOUBLE (Line Drive, 89D, EV 105.6 MPH)
|
|
Batting: LHB Sean Geisler
|
0-0: Ball 1-0: Ball 2-0: Ball 3-0: Base on Balls
|
|
Batting: RHB Butch Kaiser
|
0-0: Swinging Strike 0-1: Called Strike 0-2: Fielders Choice at 2nd, 5-4 (Groundball, 56, EV 108.8 MPH)
|
| Bottom of the 7th over - 0 runs, 1 hit, 0 errors, 2 left on base; Houston 6 - Texas 8 |
| TOP OF THE 8TH |
|
Houston Astros batting - Pitching for Texas Rangers : RHP Kyle Curve
|
|
Batting: RHB Chris Lane
|
0-0: Swinging Strike 0-1: Called Strike 0-2: Ball 1-2: Strikes out looking
|
|
Batting: SHB Rich Chavez
|
0-0: Ball 1-0: SOLO HOME RUN (Flyball, 9LD, EV 96.9 MPH), Distance : 354 ft
|
|
Batting: RHB Eric Chotkowski
|
0-0: Called Strike 0-1: Ball 1-1: Foul Ball, location: 2F 1-2: Strikes out looking
|
|
Batting: RHB Mark Marks
|
0-0: Ball 1-0: Ball 2-0: Ball 3-0: Called Strike 3-1: Foul Ball, location: 2F 3-2: Foul Ball, location: 2F 3-2: Foul Ball, location: 2F 3-2: Strikes out swinging
|
| Top of the 8th over - 1 run, 1 hit, 0 errors, 0 left on base; Houston 7 - Texas 8 |
| BOTTOM OF THE 8TH |
|
Texas Rangers batting - Pitching for Houston Astros : RHP Bill Dillard
|
|
Batting: SHB John Giesbrecht
|
0-0: Foul Ball, location: 2F 0-1: Ground out 5-3 (Groundball, 5, EV 106.2 MPH)
|
|
Batting: SHB Vince Ealy
|
0-0: Called Strike 0-1: Called Strike 0-2: Ball 1-2: Ball 2-2: Strikes out swinging
|
|
Batting: RHB Ray Llewellyn
|
0-0: Ball 1-0: Called Strike 1-1: Ball 2-1: Ball 3-1: Base on Balls
|
|
Batting: RHB Blake Ballard
|
0-0: Ball 1-0: Ball 2-0: Ball 3-0: Called Strike 3-1: Foul Ball, location: 2F 3-2: Base on Balls Ray Llewellyn to second
|
|
Batting: RHB Zhao-ji Chi
|
0-0: 3-RUN HOME RUN (Flyball, 9LD, EV 93.1 MPH), Distance : 346 ft
|
|
Pitching: RHP Willie Jimenez
|
|
|
Batting: RHB Chad Thompson
|
0-0: Ball 1-0: Ball 2-0: Ball 3-0: Called Strike 3-1: Swinging Strike 3-2: Strikes out looking
|
| Bottom of the 8th over - 3 runs, 1 hit, 0 errors, 0 left on base; Houston 7 - Texas 11 |
| TOP OF THE 9TH |
|
Houston Astros batting - Pitching for Texas Rangers : RHP Kyle Curve
|
|
Pitching: RHP Mark Lopez
|
|
|
Batting: RHB Jesse Scott
|
0-0: Ball 1-0: Ball 2-0: Ground out 5-3 (Groundball, 56, EV 102.5 MPH)
|
|
Batting: LHB Eric Katz
|
0-0: Swinging Strike 0-1: Ball 1-1: Ball 2-1: Swinging Strike 2-2: Foul Ball, location: 2F 2-2: DOUBLE (Line Drive, 78XD, EV 104.4 MPH)
|
|
Batting: SHB Jason Woods
|
0-0: Fly out, F5 (Popup, 56S, EV 72.5 MPH)
|
|
Batting: LHB Jack Christie
|
0-0: Ball 1-0: Ball 2-0: Fly out, F7 (Flyball, 7, EV 95.6 MPH)
|
| Top of the 9th over - 0 runs, 1 hit, 0 errors, 1 left on base; Houston 7 - Texas 11 |
|